 Dungeon Crawl Stone Soup version 0.29-a0-802-g34511f41fd (webtiles) character file.

Game seed: 14501045885472904141

15752 kevlar127 the Grappler (level 12, -2/126 HPs)
             Began as a Troll Berserker on July 3, 2022.
             Was a High Priest of Trog.
             Slain by a red devil
             ... wielding a +0 demon trident
              (15 damage)
             ... on level 2 of the Orcish Mines.
             The game lasted 01:01:34 (10947 turns).

kevlar127 the Grappler (Troll Berserker)           Turns: 10947, Time: 01:01:36

Health: -2/126     AC: 13    Str: 32    XL:     12   Next: 4%
Magic:  11/11      EV: 14    Int:  3    God:    Trog [*****.]
Gold:   763        SH:  0    Dex:  9    Spells: 11/11 levels left

rFire   . . .      SeeInvis .     - Unarmed
rCold   . . .      Faith    .   (no shield)
rNeg    . . .      Spirit   .   N - +0 robe {Will+}
rPois   .          Reflect  .   (helmet restricted)
rElec   .          Harm     .   O - +0 cloak
rCorr   .          Rampage  .   (gloves unavailable)
Will    +++..                   (boots unavailable)
Stlth   +.........              (no amulet)
HPRegen 2.11/turn               j - ring of the Tortoise {AC+8}
MPRegen 0.12/turn               t - +4 ring of evasion

@: mighty, strong-willed, spiked, on berserk cooldown, regenerating, slowed,
very slow
A: large, unfitting armour, claws 3, regeneration 1, shaggy fur 1, tough skin 1
a: Renounce Religion, Berserk, Trog's Hand, Brothers in Arms


You were on level 2 of the Orcish Mines.
You worshipped Trog.
Trog was extremely pleased with you.
You visited 3 branches of the dungeon, and saw 14 of its levels.
You also visited: Sewer.

You collected 1013 gold pieces.
You spent 250 gold pieces at shops.

Inventory:

Missiles
 e - 126 stones (quivered)
 h - 5 atropa-tipped darts
 m - 64 poisoned darts
 y - 5 javelins
 H - 2 curare-tipped darts
 L - a throwing net
 M - 2 boomerangs
Armour
 E - a +1 robe of cold resistance
 N - a +0 robe of willpower (worn)
 O - a +0 cloak (worn)
Jewellery
 j - the ring of the Tortoise (left claw) {AC+8}
   (You found it on level 2 of the Dungeon)

   [ring of protection]

   AC:        It affects your AC (+8).
 t - a +4 ring of evasion (right claw)
 P - a +4 ring of protection
Wands
 l - a wand of digging (5)
 p - a wand of paralysis (10)
 q - a wand of acid (2)
 K - a wand of iceblast (10)
Scrolls
 d - 2 scrolls of enchant weapon {unknown}
 g - 3 scrolls of blinking
 k - 3 scrolls of fear
 n - 6 scrolls of enchant armour
 s - 4 scrolls of brand weapon
 u - 4 scrolls of teleportation
 v - 2 scrolls of fog {unknown}
 x - a scroll of vulnerability {unknown}
 z - a scroll of identify
 B - 2 scrolls of magic mapping
 G - a scroll of amnesia {unknown}
 I - 2 scrolls of torment {unknown}
Potions
 a - 2 potions of flight
 b - a potion of berserk rage {unknown}
 c - 2 potions of degeneration {unknown}
 f - 4 potions of curing
 o - 3 potions of heal wounds
 r - 2 potions of brilliance {unknown}
 w - 2 potions of mutation {unknown}
 A - 2 potions of haste {unknown}
 C - 3 potions of might
 D - 2 potions of lignification {unknown}
 F - a potion of resistance
 J - 2 potions of attraction {unknown}


   Skills:
 + Level 10.2 Fighting
 + Level 7.4 Throwing
 + Level 4.2 Armour
 - Level 2.4 Dodging
 + Level 12.4 Unarmed Combat
 - Level 3.0 Evocations


You had 11 spell levels left.
You didn't know any spells.
Your spell library was empty.

Dungeon Overview and Level Annotations

Branches:
Dungeon (11/15)            Temple (1/1) D:4            Lair (0/6) D:10
    Orc (2/2) D:9             Elf (0/3) Orc:2         Sewer (visited)

Altars:
Ashenzari
Cheibriados
Dithmenos
Elyvilon
Gozag
Kikubaaqudgha
Makhleb
Nemelex Xobeh
Okawaru
Qazlal
Ru
Sif Muna
Trog
Uskayaw
Vehumet
Wu Jian
Yredelemnul
Zin

Shops:
D:3 !   D:4 (   D:9 ([   Orc:2 ?

Annotations:
D:8 2 transporters, buhh's ghost, novice OpTm


Innate Abilities, Weirdness & Mutations

You are too large for most types of armour.
You have claws for hands.
Your natural rate of healing is unusually fast.
You are covered in fur. (AC +1)
You have tough skin. (AC +1)


Message History

The red devil hits you with a +0 demon trident.
* * * LOW HITPOINT WARNING * * *
Barbed spikes become lodged in your body.
The orc warrior barely misses you.
The red devil hits you with a +0 demon trident.
* * * LOW HITPOINT WARNING * * *
Barbed spikes become lodged in your body.
The orc hits you but does no damage. The orc warrior closely misses you.
You're still recovering from your berserk rage.
You mangle the orc warrior!!
You kill the orc warrior!
Trog accepts your kill. The orc misses you.
The red devil hits you with a +0 demon trident.
* * * LOW HITPOINT WARNING * * *
Barbed spikes become lodged in your body.
The orc warrior misses you.
You mangle the orc!!
You kill the orc!
Trog accepts your kill. The orc warrior misses you. The red devil misses you.
An orc warrior comes into view. It is wielding a +2 vorpal flail.
You closely miss the orc. You claw the orc.
You kill the orc!
Trog accepts your kill.
The red devil hits you with a +0 demon trident!
* * * LOW HITPOINT WARNING * * *
Barbed spikes become lodged in your body.
The orc warrior misses you.
You closely miss the red devil.
The red devil is severely wounded.
The red devil hits you but does no damage.
The orc warrior barely misses you.
You closely miss the red devil.
The red devil is heavily wounded.
The red devil hits you but does no damage.
The orc warrior hits you from afar with a +0 halberd!
* * * LOW HITPOINT WARNING * * *
The red devil hits you with a +0 demon trident!
You die...

#∩. #... #..#.
...## #.... ....#
#.(.# .... ##.oo.
.......# ##)4#
.#$..... ##)@# #
....#### ##(.##
####......###).##
#.......#.##.)##
......##.....##
......###...##
.......#...##
...)......##
.......#...#


You could see a red devil and 2 orc warriors.

Vanquished Creatures
  Pikel (D:6)
  An orc knight (Orc:2)
  2 manticores (D:11)
  Maurice (D:10)
  A gargoyle (D:10)
  A kobold demonologist (D:11)
  Psyche (D:9)
  3 trolls
  2 hornets
  Grinder (D:6)
  Sigmund (D:5)
  19 yaks
  A wyvern (D:10)
  3 basilisks (D:10)
  Grum (D:9)
  7 vampire mosquitoes
  2 wargs
  Edmund (D:4)
  An acid dragon (D:11)
  6 water moccasins
  2 sky beasts
  A black bear (D:4)
  2 ice beasts
  9 orc warriors
  6 centaurs
  4 wolves (D:9)
  A lemure (D:6)
  5 kobold brigands
  2 phantoms
  8 bullfrogs
  2 necrophages
  2 gnoll sergeants
  2 scorpions
  5 wights (D:6)
  14 killer bees
  7 howler monkeys
  4 hounds
  3 jellies
  A gnoll bouda (D:5)
  13 orc priests
  3 iguanas
  Natasha (thrice) (D:3)
  14 orc wizards
  A mummy (D:5)
  15 gnolls
  9 adders
  A shadow imp (D:5)
  An ufetubus (D:5)
  2 worms
  A dart slug (D:2)
  50 orcs
  8 ball pythons
  4 bats
  4 endoplasms
  12 giant cockroaches
  16 goblins
  13 hobgoblins
  8 jackals (D:2)
  8 quokkas
  7 frilled lizards
  40 kobolds
  6 rats
375 creatures vanquished.

Vanquished Creatures (others)
  An orc (D:10)
  3 fungi (D:10)
  52 plants
56 creatures vanquished.

Grand Total: 431 creatures vanquished

Notes
Turn   | Place    | Note
-------+----------+-------------------------------------------
     0 | D:1      | kevlar127 the Troll Berserker began the quest for the Orb.
     0 | D:1      | Reached XP level 1. HP: 22/22 MP: 0/0
   149 | D:1      | Reached XP level 2. HP: 28/29 MP: 1/1
   634 | D:2      | Reached ** piety under Trog
   642 | D:2      | Reached XP level 3. HP: 37/37 MP: 2/2
   956 | D:2      | Found the ring of the Tortoise {AC+8}
  1159 | D:2      | Reached skill level 4 in Unarmed Combat
  1483 | D:3      | Noticed Natasha
  1486 | D:3      | Killed Natasha
  1487 | D:3      | Reached XP level 4. HP: 40/45 MP: 3/3
  1515 | D:3      | Reached skill level 1 in Throwing
  1576 | D:3      | Found Puigu's Distillery.
  1589 | D:3      | Noticed Natasha
  1594 | D:3      | Killed Natasha
  1595 | D:3      | Reached XP level 5. HP: 54/54 MP: 4/4
  1621 | D:3      | Reached *** piety under Trog
  1641 | D:3      | Noticed Natasha
  1649 | D:3      | Killed Natasha
  1682 | D:3      | Found a faded altar of an unknown god.
  2237 | D:4      | Reached skill level 5 in Unarmed Combat
  2237 | D:4      | Reached XP level 6. HP: 46/62 MP: 5/5
  2404 | D:4      | Found a staircase to the Ecumenical Temple.
  2507 | D:4      | Found a white marble altar of Elyvilon.
  2745 | D:4      | Reached **** piety under Trog
  2763 | D:4      | Reached XP level 7. HP: 71/71 MP: 6/6
  3154 | D:4      | Noticed Edmund
  3157 | D:4      | Found Qamateil's Antique Weapon Shop.
  3171 | D:4      | Killed Edmund
  3172 | D:4      | Reached skill level 5 in Fighting
  3172 | D:4      | Reached skill level 6 in Unarmed Combat
  3256 | D:4      | Found a basalt altar of Yredelemnul.
  3411 | Temple   | Entered the Ecumenical Temple
  3449 | D:5      | Entered Level 5 of the Dungeon
  3536 | D:5      | Reached XP level 8. HP: 63/80 MP: 7/7
  3684 | D:5      | Found a glowing drain.
  3724 | Sewer    | Entered a sewer
  3880 | Sewer    | Reached ***** piety under Trog
  3930 | Sewer    | Reached skill level 7 in Unarmed Combat
  4196 | D:5      | Noticed Sigmund
  4207 | D:5      | Killed Sigmund
  4208 | D:5      | Reached skill level 5 in Throwing
  4625 | D:6      | Reached XP level 9. HP: 88/92 MP: 8/8
  4625 | D:6      | Noticed Grinder
  4629 | D:6      | Paralysed by Grinder for 3 turns
  4634 | D:6      | Killed Grinder
  4635 | D:6      | Reached skill level 1 in Armour
  4635 | D:6      | Reached skill level 8 in Unarmed Combat
  4765 | D:3      | Bought a potion of curing for 30 gold pieces
  4765 | D:3      | Bought a potion of flight for 30 gold pieces
  4765 | D:3      | Bought a potion of might for 40 gold pieces
  4765 | D:3      | Bought a potion of resistance for 100 gold pieces
  4765 | D:3      | Bought a potion of heal wounds for 50 gold pieces
  4843 | D:5      | Found a sparkling altar of Nemelex Xobeh.
  4846 | D:5      | Found a shimmering blue altar of Sif Muna.
  4849 | D:5      | Found an ornate altar of the Wu Jian Council.
  4852 | D:5      | Found a burning altar of Makhleb.
  4900 | D:6      | Noticed Pikel
  4923 | D:6      | Killed Pikel
  5720 | D:7      | Reached skill level 9 in Unarmed Combat
  6294 | D:7      | Reached XP level 10. HP: 90/104 MP: 9/9
  6549 | D:8      | Paralysed by a hornet for 3 turns
  6560 | D:8      | Paralysed by a hornet for 1 turns
  6638 | D:8      | Reached skill level 10 in Unarmed Combat
  6923 | D:8      | Found a transporter.
  6926 | D:8      | Found a transporter.
  7040 | D:8      | Noticed buhh's ghost (novice OpTm)
  7474 | D:9      | Paralysed by a hornet for 1 turns
  7526 | D:9      | Found Vulenaw's Weapon Boutique.
  7526 | D:9      | Found a staircase to the Orcish Mines.
  7535 | D:9      | Found Vilosiel's Armour Boutique.
  7735 | D:10     | Entered Level 10 of the Dungeon
  7902 | D:9      | Noticed Psyche
  7913 | D:9      | Killed Psyche
  7925 | D:9      | Reached skill level 11 in Unarmed Combat
  7993 | D:9      | Reached XP level 11. HP: 115/115 MP: 10/10
  8125 | D:9      | Noticed Grum
  8139 | D:9      | Killed Grum
  8559 | D:10     | Noticed Maurice
  8600 | D:10     | Reached skill level 1 in Evocations
  9157 | D:10     | Killed Maurice
  9157 | D:10     | Received a gift from Trog
  9158 | D:10     | Reached skill level 10 in Fighting
  9340 | D:10     | Reached skill level 12 in Unarmed Combat
  9392 | D:10     | Found a staircase to the Lair.
 10278 | Orc:1    | Entered Level 1 of the Orcish Mines
 10395 | Orc:2    | Entered Level 2 of the Orcish Mines
 10424 | Orc:2    | Found a staircase to the Elven Halls.
 10906 | Orc:2    | Noticed an orc knight
 10918 | Orc:2    | Killed an orc knight
 10919 | Orc:2    | Reached XP level 12. HP: 126/126 MP: 11/11
 10927 | Orc:2    | Found Resh's Magic Scroll Shoppe.
 10947 | Orc:2    | Slain by a red devil

Illustrated notes

Levels and vault maps discovered:
D:1:      dpeg_arrival_chambers_temple_mockup, layout_rooms
D:2:      layout_loops_ring, minmay_small_reverse_x
D:3:      layout_rooms, hellmonk_ecumenical_altar_arch_garden, serial_shops,
          nicolae_square_shop, serial_bayou_pond_a,
          amcnicky_mini_corridor_feature, uniq_natasha
D:4:      corexii_shantytown, layout_cave_pods, kennysheep_ying_yang,
          minmay_temple_entry_water_ring, serial_shops, nicolae_diamond_shop,
          uniq_edmund
D:5:      layout_rooms, grunt_temple_overflow_cloverleaf, gup_sewer_entry_glass,
          gup_ossuary_entry_pyramid, kennysheep_boxes, uniq_sigmund
D:6:      layout_basic, serial_co_window_serial, co_window_paths_a,
          co_window_paths_a, co_window_paths_a, co_window_corner_a,
          co_window_paths_a, co_window_corner_a, co_window_broadway_a,
          co_window_broadway_a, co_window_broadway_c,
          co_window_of_opportunity_c, glass_columns_a, glass_columns_b,
          glass_columns_a, glass_columns_a, uniq_pikel, uniq_grinder
D:7:      layout_rooms
D:8:      layout_basic, gammafunk_ghost_arena
D:9:      layout_gridville, orc_david_3, serial_bayou_pond_c, uniq_grum,
          uniq_psyche
D:10:     layout_irregular_city, minmay_lair_entry_grove, serial_column_ruins,
          column_ruins_hut, column_ruins_columns_straight,
          column_ruins_columns_corner, column_ruins_open_tiny,
          column_ruins_open_medium, column_ruins_columns_straight,
          column_ruins_open_tiny_water, column_ruins_open_tiny,
          nicolae_kite_square_tiling_tiny, uniq_maurice
D:11:     layout_basic, uniq_sonja
Temple:   nicolae_temple_x_marks_the_god
Orc:1:    layout_diamond_mine
Orc:2:    pf_orc_diabolical, layout_diamond_mine

Skill      XL: |  1  2  3  4  5  6  7  8  9 10 11 |
---------------+----------------------------------+-----
Fighting       | 3 4 5 6 7 9 10 | 10.2
Unarmed Combat | 4 5 6 7 9 11 12 | 12.4
Throwing       | 1 2 4 5 6 7 |  7.4
Armour         | 3 4 |  4.2
Evocations     | 3 |  3.0
Dodging        | |  2.4

Action                   |  1- 3 |  4- 6 |  7- 9 | 10-12 || total
-------------------------+-------+-------+-------+-------++-------
Melee: Unarmed           |   102 |   146 |   327 |   413 ||   988
       Punch             |     1 |     6 |    10 |    22 ||    39
Throw: Stone             |       |       |     5 |     4 ||     9
       Boomerang         |       |       |    12 |   150 ||   162
       Javelin           |       |       |     6 |     2 ||     8
       Dart              |       |       |       |     5 ||     5
       Large rock        |       |       |       |     4 ||     4
Invok: Berserk           |       |     1 |     2 |     4 ||     7
       Trog's Hand       |       |       |     4 |     8 ||    12
  Use: Potion            |       |       |       |     4 ||     4
       Scroll            |       |       |       |     6 ||     6
Armor: Animal skin       |    30 |    82 |    83 |       ||   195
       Robe              |       |       |    55 |   223 ||   278
Dodge: Dodged            |    47 |    72 |   225 |   368 ||   712

Table legend: (Time is in decaauts)
 A = Elapsed time spent in this place.
 B = Non-inter-level travel time spent in this place.
 C = Inter-level travel time spent in this place.
 D = Time resting spent in this place.
 E = Time spent auto-exploring this place.
 F = Levels seen in this place.
 G = Mean time per level.
                   A        B        C        D        E       F      G
               +--------+--------+--------+--------+--------+-----+--------+
         Total |  10982 |   9795 |   1187 |   1133 |   6266 |  15 |  732.1 |
       Dungeon |   9817 |   8640 |   1177 |    964 |   5606 |  11 |  892.5 |
        Temple |      1 |      1 |      0 |      0 |      0 |   1 |    1.0 |
  Orcish Mines |    655 |    645 |     10 |    169 |    289 |   2 |  327.5 |
         Sewer |    508 |    508 |      0 |      0 |    370 |   1 |  508.0 |
               +--------+--------+--------+--------+--------+-----+--------+

Top non-repeatable levels by time:
     D:4: 1406 daAuts
     D:9: 1152 daAuts
    D:10: 1139 daAuts
     D:6: 1105 daAuts
     D:2: 834 daAuts
     D:5: 803 daAuts
     D:8: 769 daAuts
    D:11: 687 daAuts
     D:7: 657 daAuts
     D:1: 641 daAuts
     D:3: 619 daAuts
   Sewer: 508 daAuts
   Orc:1: 434 daAuts
   Orc:2: 220 daAuts
  Temple: 1 daAuts
